 Dungeon Crawl Stone Soup version 0.30-a0-777-ga9a30cbeda (console) character file.

Game seed: 17195840316564095639

68 rlgrobin the Insei (level 4, -2/35 HPs)
             Began as a Mummy Monk on Feb 14, 2023.
             Slain by a sky beast (5 damage)
             ... on level 7 of the Dungeon.
             The game lasted 00:03:57 (2590 turns).

rlgrobin the Insei (Mummy Monk)                     Turns: 2590, Time: 00:03:58

Health: -2/35      AC:  0    Str: 14    XL:     4   Next: 1%
Magic:  4/4        EV: 12    Int:  9    God:
Gold:   163        SH:  0    Dex: 16    Spells: 3/3 levels left

rFire   x . .      SeeInvis .      - Unarmed
rCold   + + .      Faith    +    (no shield)
rNeg    + + +      Spirit   .    (no body armour)
rPois   ∞          Reflect  .    (no helmet)
rElec   .          Harm     .    (no cloak)
rCorr   .          Rampage  .    (no gloves)
Will    .....                    (no boots)
Stlth   ++                       (no amulet)
HPRegen 0.25/turn                g - ring of protection from cold
MPRegen 0.09/turn                (no ring)

@: no status effects
A: cold resistance 1, negative energy resistance 3, torment resistance 2, heat
vulnerability 1, in touch with death 1, no potions, faith
a: no special abilities


You were on level 7 of the Dungeon.
You visited 1 branch of the dungeon, and saw 6 of its levels.

You collected 163 gold pieces.

Inventory:

Jewellery
 g - a ring of protection from cold (left hand)
Scrolls
 a - a scroll of immolation
 b - a scroll of teleportation {unknown}
 c - a scroll of vulnerability
 d - a scroll of enchant armour {unknown}
 e - a scroll of torment {unknown}
 f - a scroll of identify


   Skills:
 - Level 3.0 Fighting
 - Level 2.4 Dodging
 - Level 1.5 Stealth
 + Level 4.0 Unarmed Combat


You had 3 spell levels left.
You didn't know any spells.
Your spell library was empty.

Dungeon Overview and Level Annotations

Branches:
Dungeon (7/15)
 Temple: D:4-7

Altars:
Okawaru

Annotations:
D:2 Terence


Innate Abilities, Weirdness & Mutations

You are immune to poison.
Your flesh is cold resistant. (rC+)
You are immune to negative energy. (rN+++)
You are immune to unholy pain and torment.
You are vulnerable to heat. (rF-)
You are in touch with the powers of death.
You do not drink.
You have a special connection with the divine. (Faith)


Message History

An orc warrior, an orc and an orc wizard come into view.
The orc warrior shouts!
The orc shouts!
The orc wizard shouts!
Things that are here:
a +0 flail; a +0 leather armour; an orc corpse The orc hits you with a +0 club.
The orc wizard casts a spell.
The orc wizard flickers and vanishes!
Deactivating autopickup; reactivate with Ctrl-A.
Things that are here:
a +0 flail; a +0 leather armour; an orc corpse
Found 11 gold pieces.
There is a stone staircase leading down here.
You climb downwards.
Reactivating autopickup.
Found a gilded ring.
There is a stone staircase leading up here.
g - a ring of protection from cold
g - a ring of protection from cold (left hand)
A sky beast comes into view.
Found 8 gold pieces.
The sky beast moves out of view.
A sky beast is nearby!
An orc comes into view. It is wielding a +0 trident.
An orc wizard comes into view. It is wielding a +0 dagger.
An orc warrior comes into view. It is wielding a +0 battleaxe.
The sky beast flickers out of sight!
Deactivating autopickup; reactivate with Ctrl-A.
Something hits you. Something shocks you.
As you read the scroll labelled JUASUM UDIHEANIC, it crumbles to dust.
The creatures around you are filled with an inner flame!
It was a scroll of immolation.
Something hits you. Something shocks you. Something hits you.
Something shocks you. Something hits you.
* * * LOW HITPOINT WARNING * * *
Something shocks you.
* * * LOW HITPOINT WARNING * * *
As you read the scroll labelled PUMMUX CIMMIA, it crumbles to dust.
It is a scroll of identify.
c - a scroll of vulnerability Something hits you.
You die...

....# #..## #..# #<.##
##..## . ##..### ...
##...#####
$....#####.....#####+###
...........@...o........
###############..####.oo
####


You could see an orc (inner flame).

Vanquished Creatures
  2 adders (D:2)
  2 worms (D:3)
  2 dart slugs (D:1)
  3 orcs
  3 ball pythons
  2 endoplasms
  2 giant cockroaches
  2 goblins (D:3)
  3 hobgoblins
  5 bats
  3 frilled lizards
  4 kobolds
  6 rats
39 creatures vanquished.

Notes
Turn   | Place    | Note
-------+----------+-------------------------------------------
     0 | D:1      | rlgrobin the Mummy Monk began the quest for the Orb.
     0 | D:1      | Reached XP level 1. HP: 18/18 MP: 1/1
   475 | D:1      | Reached skill level 3 in Unarmed Combat
   475 | D:1      | Reached XP level 2. HP: 22/24 MP: 2/2
   949 | D:2      | Gained mutation: You are in touch with the powers of death.
                  | [Mummy growth]
   949 | D:2      | Reached XP level 3. HP: 29/29 MP: 3/3
  1120 | D:2      | Noticed Terence
  1583 | D:3      | Found an iron altar of Okawaru.
  1588 | D:3      | Noticed an ogre
  1953 | D:3      | Reached skill level 4 in Unarmed Combat
  2047 | D:3      | Found a faded altar of an unknown god.
  2460 | D:4      | You fall into a shaft and drop 2 floors!
  2478 | D:6      | Reached XP level 4. HP: 19/35 MP: 4/4
  2542 | D:6      | Noticed an orc warrior
  2574 | D:7      | Noticed a sky beast
  2583 | D:7      | Noticed an orc warrior
  2590 | D:7      | Slain by a sky beast

Illustrated notes

Levels and vault maps discovered:
D:1:      lightli_arrival_chessboard, layout_loops_ring
D:2:      layout_rooms, uniq_terence
D:3:      layout_basic, mainiacjoe_overflow_tiny_flanked,
          chequers_ecumenical_altar_lobes
D:4:      layout_basic, mainiacjoe_overflow_swirl,
          minmay_temple_entry_gardened_gates, kennysheep_boxes, uniq_robin
D:6:      lemuel_insect_pit, layout_basic, lemuel_blue_sif_altar,
          jmf_multi_god_temple2, serial_shops, shop,
          amcnicky_mini_rare_corridor_liquid
D:7:      minmay_the_grid_plus_closed [minmay_the_grid_garden,
          minmay_the_grid_expand, minmay_the_grid_diamond_grid,
          minmay_the_grid_plusring, minmay_the_grid_prize_big_room],
          layout_rooms, mainiacjoe_overflow_boulevard, st_stairs_13,
          minmay_misc_feat_encased

Skill      XL: |  1  2  3 |
---------------+----------+-----
Unarmed Combat | 3 4 |  4.0
Fighting       | |  3.0
Dodging        | |  2.4
Stealth        | |  1.5

Action                     |  1- 3 |  4- 6 || total
---------------------------+-------+-------++-------
  Melee: Unarmed           |   133 |       ||   133
         Punch             |     5 |       ||     5
    Use: Scroll            |       |     2 ||     2
   Stab: Sleeping          |     9 |       ||     9
  Dodge: Dodged            |    52 |       ||    52

Table legend: (Time is in decaauts)
 A = Elapsed time spent in this place.
 B = Non-inter-level travel time spent in this place.
 C = Inter-level travel time spent in this place.
 D = Time resting spent in this place.
 E = Time spent auto-exploring this place.
 F = Levels seen in this place.
 G = Mean time per level.
                   A        B        C        D        E       F      G
               +--------+--------+--------+--------+--------+-----+--------+
         Total |   2580 |   2469 |    111 |    435 |   1557 |   6 |  430.0 |
       Dungeon |   2580 |   2469 |    111 |    435 |   1557 |   6 |  430.0 |
               +--------+--------+--------+--------+--------+-----+--------+

Top non-repeatable levels by time:
     D:3: 940 daAuts
     D:2: 817 daAuts
     D:1: 694 daAuts
     D:6: 101 daAuts
     D:7: 27 daAuts
